 Dungeon Crawl Stone Soup version 0.31-a0-267-g3fc6992b3b (webtiles) character file.

Game seed: 15682869967599389331

56 qw the Shooter (level 3, 0/29 HPs)
             Began as a Minotaur Hexslinger on July 14, 2023.
             Succumbed to a gnoll's poison
             ... on level 2 of the Dungeon.
             The game lasted 00:00:31 (1204 turns).

qw the Shooter (Minotaur Hexslinger)                Turns: 1204, Time: 00:00:31

Health: 0/29       AC:  6    Str: 12    XL:     3   Next: 69%
Magic:  3/3        EV: 11    Int: 10    God:
Gold:   143        SH:  0    Dex: 14    Spells: 3/4 levels left

rFire   . . .        Y - +2 sling
rCold   . . .        (no shield)
rNeg    . . .        d - +0 ring mail
rPois   .            (helmet restricted)
rElec   .            (no cloak)
rCorr   .            (no gloves)
SInv    .            l - +0 pair of boots
Will    .....        (no amulet)
Stlth   +            (no ring)
HPRegen 0.24/turn    (no ring)
MPRegen 0.08/turn

%: no passive effects
@: lethally poisoned (0 -> -2)
A: horns 2, retaliatory headbutt
a: no special abilities


You were on level 2 of the Dungeon.
You visited 1 branch of the dungeon, and saw 3 of its levels.

You collected 143 gold pieces.


Innate Abilities, Weirdness & Mutations

You have a pair of horns on your head.
You reflexively headbutt those who attack you in melee.


   Skills:
 - Level 2.0 Fighting
 + Level 4.0 Ranged Weapons
 - Level 1.2 Armour
 - Level 2.1 Dodging
 - Level 1.0 Spellcasting
 - Level 2.0 Hexes


You had 3 spell levels left.
You knew the following spells:

 Your Spells              Type           Power      Damage    Failure   Level
a - Slow                  Hex            16%        N/A       34%         1

Your spell library contained the following spells:

 Spells                   Type           Power      Damage    Failure   Level
 Inner Flame              Hex/Fire       2%         N/A       83%         3
 Portal Projectile        Hex/Tloc       4%         N/A       83%         3
 Cause Fear               Hex            2%         N/A       98%         4

Inventory:

Hand Weapons
 Y - a +2 sling (weapon)
Armour
 d - a +0 ring mail (worn)
 l - a +0 pair of boots (worn)
Potions
 a - a potion of heal wounds {unknown}

Dungeon Overview and Level Annotations

Branches:
Dungeon (3/15)

Altars:


Message History

The sling bullet barely misses the gnoll.
The gnoll misses you.
You shoot a sling bullet.
The sling bullet barely misses the gnoll.
The sling bullet hits the gnoll.
The gnoll is moderately wounded.
The gnoll hits you from afar with a +0 halberd.
The gnoll hits you but does no damage. The gnoll closely misses you.
1198 ||| STAIRDANCE The gnoll hits you from afar with a +0 halberd.
The gnoll hits you from afar with a +1 spear of venom.
You are poisoned.
The gnoll misses you.
You climb upwards.
You feel very sick.
There is a stone staircase leading down here.
Enter note:
Enter note:
Enter note:
Enter note:
Enter note:
Enter note: You shoot a sling bullet.
The sling bullet closely misses the gnoll.
You feel very sick. The gnoll closely misses you.
You shoot a sling bullet.
The sling bullet barely misses the gnoll.
You feel sick. The gnoll completely misses you.
You shoot a sling bullet. The sling bullet hits the gnoll.
The gnoll is moderately wounded.
You feel sick. The gnoll hits you with a +0 flail.
The gnoll hits you but does no damage.
You shoot a sling bullet.
The sling bullet hits the gnoll but does no damage.
The gnoll is moderately wounded.
You feel sick. The gnoll hits you with a +0 flail.
You shoot a sling bullet.
The sling bullet closely misses the gnoll.
You die...

# #.......# #..# #
#.####### ##.# # #.# ###.#
# #.# ##.#.# # #.#
##.#..## ### #.##
##.###..## ..# #..# ##.##
##..######### ..######.#
#g## ##..........
.........# ##@##
##!.######### ..######.#
##.###..## #.. ..# #.#
##.#.### #.# #### #.#
##.## ##.# ...# #.# #.#
##... ##.# #.# #.# #..#.
#.# #.# #.# #.... #.#
#.##########.###### ##.#.#
#.#
#.................###.#..#


You could see a gnoll.

Vanquished Creatures
  2 adders (D:2)
  A worm (D:2)
  3 ball pythons
  3 bats
  3 endoplasms (D:2)
  A giant cockroach (D:2)
  4 hobgoblins (D:1)
  2 jackals (D:1)
  4 kobolds
  A quokka (D:1)
  A frilled lizard (D:2)
  4 goblins (D:1)
  4 rats (D:1)
33 creatures vanquished.

Notes
Turn   | Place    | Note
-------+----------+-------------------------------------------
     0 | D:1      | qw the Minotaur Hexslinger began the quest for the Orb.
     0 | D:1      | Reached XP level 1. HP: 16/16 MP: 1/1
     0 | D:1      | 0 ||| qw: Version: 0.3-a-52-g30416fa
     0 | D:1      | 0 ||| qw: Game counter: 7803
     0 | D:1      | 0 ||| qw: Melee chars always use a shield: true
     0 | D:1      | 0 ||| qw: God list: Okawaru
     0 | D:1      | 0 ||| qw: Allow faded altars: false
     0 | D:1      | 0 ||| qw: Do Orc after clearing Dungeon:15 true
     0 | D:1      | 0 ||| qw: Do second Lair branch before Depths: true
     0 | D:1      | 0 ||| qw: Lair rune preference: random
     0 | D:1      | 0 ||| qw: Goals: Normal
     0 | D:1      | 0 ||| PLANNING D:1-11
    86 | D:1      | Reached skill level 3 in Ranged Weapons
    96 | D:1      | Reached XP level 2. HP: 23/23 MP: 2/2
   465 | D:1      | 465 ||| UPGRADING to +0 ring mail.
   475 | D:1      | 475 ||| DROPPING +0 robe.
   476 | D:1      | 476 ||| UPGRADING to +0 pair of boots.
   481 | D:1      | 481 ||| READING scroll labelled POUQIU VOSSOM.
   482 | D:1      | 482 ||| READING scroll labelled ISUNIO ODDOSS.
   483 | D:1      | 483 ||| READING scroll labelled MIOMA YRPHOXA.
   484 | D:1      | 484 ||| READING scroll labelled ITEFRI KEURUM.
   485 | D:1      | 485 ||| READING scroll labelled GEMMAT KENKYRULI.
   490 | D:1      | 490 ||| READING scroll labelled KUBBOEGGEISK.
   491 | D:1      | 491 ||| DRINKING 2 sedimented yellow potions.
   492 | D:1      | 492 ||| DROPPING scroll of poison.
   493 | D:1      | 493 ||| DROPPING potion of brilliance.
   623 | D:2      | Reached XP level 3. HP: 27/29 MP: 3/3
   995 | D:2      | Reached skill level 4 in Ranged Weapons
  1124 | D:2      | Reached skill level 1 in Armour
  1153 | D:2      | 1153 ||| READING scroll labelled OLLOITU GIJOCK.
  1198 | D:3      | 1198 ||| STAIRDANCE
  1201 | D:2      | HP: 7/29 [poisoned by a gnoll]
  1203 | D:2      | HP: 3/29 [poisoned by a gnoll]
  1203 | D:2      | HP: 1/29 [gnoll/+0 flail (2)]
  1204 | D:2      | Succumbed to a gnoll's poison

Levels and vault maps discovered:
D:1:      dpeg_arrival_pond, layout_rooms
D:2:      layout_loops_ring
D:3:      layout_loops_ring, nicolae_gozag_cash_rules_everything_around_me,
          nemelex_xobeh_ov_fountains_minmay, nicolae_uskayaw_en_pointe,
          hellmonk_ecumenical_altar_inner_sanctum,
          chequers_serial_rivers_micro_c, chequers_big_river, minivault_4,
          chequers_arboretum, uniq_terence

Skill      XL: |  1  2  3 |
---------------+----------+-----
Ranged Weapons | 3 4 |  4.0
Fighting       | 2 |  2.0
Armour         | 1 |  1.2
Dodging        | |  2.1
Spellcasting   | |  1.0
Hexes          | |  2.0

Action                     || total
---------------------------++-------
   Fire: Sling             ||   110
    Use: Scroll            ||     7
         Potion            ||     1
 Armour: Robe              ||     7
         Ring mail         ||     9
  Dodge: Dodged            ||    36

Table legend:
 A = Non-vault XP
 B = Vault XP
 C = Vault XP percentage of total XP
 D = Non-vault monster count
 E = Vault monster count
 F = Vault count percentage of total count
                 A         B        C        D         E       F
            +---------+---------+-------+---------+---------+-------
      Total |      80 |       0 |   0.0 |      33 |       0 |   0.0
            +---------+---------+-------+---------+---------+-------
        D:1 |      32 |       0 |   0.0 |      20 |       0 |   0.0
        D:2 |      48 |       0 |   0.0 |      13 |       0 |   0.0
            +---------+---------+-------+---------+---------+-------
